 Dungeon Crawl Stone Soup version 0.27-a0-1101-ge311f74bc8 (webtiles) character file.

Game seed: 6431602825439305277

13 Mgcat the Insei (level 2, 0/22 HPs)
             Began as a Djinni Transmuter on Apr 28, 2021.
             Slain by a kobold
             ... wielding a +0 short sword
              (4 damage)
             ... on level 1 of the Dungeon.
             The game lasted 00:00:52 (593 turns).

Mgcat the Insei (Djinni Transmuter)                  Turns: 593, Time: 00:00:53

Health: 0/22       AC:  2    Str:  9    XL:     2   Next: 37%
Gold:   22         EV: 12    Int: 14    God:
                   SH:  0    Dex: 13

rFire    + + .     SeeInvis .     - Unarmed
rCold    x . .     Faith    .   (no shield)
rNeg     . . .     Spirit   .   a - +0 robe
rPois    ∞         Reflect  .   (helmet currently unavailable)
rElec    .         Harm     .   (no cloak)
rCorr    .         Rampage  .   (no gloves)
Will     .....                  (boots unavailable)
Stlth    +.........             (no amulet)
HPRegen  0.07/turn              (no ring)
MPRegen  0.00/turn              (no ring)

@: appendages (expiring), flying
A: horns 2, flying, fire resistance 2, cold vulnerability 1, float, innate
caster, hp casting, extra vitality 1
a: End Transformation


You were on level 1 of the Dungeon.
You had temporarily grown beastly horns.
You visited 1 branch of the dungeon, and saw 1 of its levels.

You collected 22 gold pieces.

Inventory:

Armour
 a - a +0 robe (worn)
Scrolls
 b - a scroll of identify {unknown}


   Skills:
 + Level 1.3 Fighting
 - Level 2.1 Dodging
 * Level 3.3 Unarmed Combat
 * Level 2.1 Spellcasting


You couldn't memorise any spells.
You knew the following spells:

 Your Spells              Type           Power      Damage    Failure   Level
a - Beastly Appendage     Tmut           14%        N/A       10%         1
b - Wereblood             Tmut           7%         N/A       16%         2
c - Spider Form           Tmut/Pois      3%         N/A       30%         3
d - Ice Form              Ice/Tmut       7%         N/A       69%         4
e - Hydra Form            Tmut           3%         N/A       95%         5
Your spell library was empty.

Dungeon Overview and Level Annotations

Branches:
Dungeon (1/15)

Altars:


Innate Abilities, Weirdness & Mutations

You have temporarily grown beastly horns.
You are flying.
You are immune to poison.
Your flesh is very heat resistant. (rF++)
You are vulnerable to cold. (rC-)
You float through the air rather than walking.
You learn spells naturally, not from books.
Your magical power is your life essence.
You have superior vitality. (+4 HP)


Message History

The endoplasm quivers.
Casting: Beastly Appendage (safe; 10% risk of failure)
Confirm with . or Enter, or press ? or * to list all spells.
You grow a pair of large bovine horns.
You take 1 damage, and have 17/22 hp.
The endoplasm barely misses you.
You hit the endoplasm. You headbutt the endoplasm.
You kill the endoplasm!
No target in view!
No target in view!
Your transformation is almost over.
You now have 18 gold pieces (gained 11).
Your horns disappear.
You now have 22 gold pieces (gained 4).
Key pressed, stopping explore.
A hobgoblin comes into view.
You regained 2 hp, and now have 19/22 hp.
A hobgoblin is nearby!
A hobgoblin is nearby!
Unknown command.
A rat comes into view.
The hobgoblin shouts!
You hear a shout!
Casting: Beastly Appendage (safe; 10% risk of failure)
Confirm with . or Enter, or press ? or * to list all spells.
You grow a pair of large bovine horns.
The hobgoblin hits you.
You take 3 damage, and have 16/22 hp.
You are too injured to fight recklessly!
You are too injured to fight recklessly!
You are too injured to fight recklessly!
You are too injured to fight recklessly!
You closely miss the rat.
The hobgoblin hits you but does no damage.
The rat bites you.
You take 2 damage, and have 14/22 hp.
You barely miss the hobgoblin. You headbutt the hobgoblin.
You kill the hobgoblin!
The rat barely misses you.
You hit the rat. You headbutt the rat.
You kill the rat!
A rat comes into view.
Your transformation is almost over.
You start resting.
A rat is nearby!
Unknown command.
You hit the rat.
You kill the rat!
You see here a rat corpse.
Unknown command.
You start resting.
Your horns disappear.
You start resting.
A kobold comes into view. It is wielding a +0 short sword.
You regained 2 hp, and now have 17/22 hp.
Unknown command.
Unknown command.
A bat comes into view.
The kobold shouts!
The kobold throws a stone.
The stone misses you. The bat closely misses you.
Casting: Beastly Appendage (safe; 10% risk of failure)
Confirm with . or Enter, or press ? or * to list all spells.
You grow a pair of large bovine horns.
The bat barely misses you.
The kobold throws a stone.
The stone hits you. The bat misses you.
The kobold throws a stone.
The stone hits you.
You take 3 damage, and have 14/22 hp.
The bat closely misses you. x2
You barely miss the bat. The bat barely misses you.
The bat hits you but does no damage. The kobold misses you.
You hit the kobold.
The kobold is severely wounded.
The bat barely misses you.
The kobold hits you with a +0 short sword.
You take 3 damage, and have 11/22 hp.
You barely miss the kobold.
The kobold is severely wounded.
The bat hits you but does no damage. The kobold barely misses you.
You closely miss the kobold.
The kobold is severely wounded.
The bat barely misses you.
The kobold hits you with a +0 short sword.
* * * LOW HITPOINT WARNING * * *
You take 6 damage, and have 5/22 hp.
MASSIVE DAMAGE!!
You barely miss the kobold.
The kobold is severely wounded.
The bat hits you.
* * * LOW HITPOINT WARNING * * *
The kobold hits you but does no damage.
You hit the kobold but do no damage.
The kobold is severely wounded.
Your transformation is almost over.
The bat hits you.
* * * LOW HITPOINT WARNING * * *
The kobold closely misses you.
You take 1 damage, and have 4/22 hp.
You hit the kobold but do no damage.
The kobold is severely wounded.
The bat hits you but does no damage.
The kobold hits you with a +0 short sword.
You die...

..#.# ..# ###. ....##
#.# #.... .....#####
#.##...#
#........#####.....# #.
#.#.#......##...# .# ..
..#.###.##...†.###.#.#
..#.###......#...b...#..
..#.#...#######.........
.)......# #.@K......
.#...................#..
.#.......#....##.....#
.#............ ...####
............. ..##
............. ....
............ ....
#######..... ......


You could see a bat and a kobold.

Vanquished Creatures
  A dart slug (D:1)
  2 endoplasms (D:1)
  2 goblins (D:1)
  A hobgoblin (D:1)
  A ball python (D:1)
  4 rats (D:1)
11 creatures vanquished.

Notes
Turn   | Place    | Note
-------+----------+-------------------------------------------
     0 | D:1      | Mgcat the Djinni Transmuter began the quest for the Orb.
     0 | D:1      | Reached XP level 1. HP: 17/17 MP: 0/0
    68 | D:1      | HP: 4/17 [goblin/+0 club (2)]
   423 | D:1      | Reached skill level 2 in Spellcasting
   423 | D:1      | Reached XP level 2. HP: 18/22 MP: 0/0
   590 | D:1      | HP: 5/22 [kobold/+0 short sword (6)]
   593 | D:1      | Slain by a kobold

Illustrated notes

Levels and vault maps discovered:
D:1:      minmay_arrival_split_and_join, layout_rooms

Skill      XL: |  1 |
---------------+----+-----
Spellcasting   | 2 |  2.1
Fighting       | |  1.3
Dodging        | |  2.1
Unarmed Combat | |  3.3

Action                   || total
-------------------------++-------
Melee: Unarmed           ||    32
       Headbutt          ||     3
 Cast: Beastly Appendage ||     6
Armor: Robe              ||     6
Dodge: Dodged            ||    20

Table legend: (Time is in decaauts)
 A = Elapsed time spent in this place.
 B = Non-inter-level travel time spent in this place.
 C = Inter-level travel time spent in this place.
 D = Time resting spent in this place.
 E = Time spent auto-exploring this place.
 F = Levels seen in this place.
 G = Mean time per level.
                   A        B        C        D        E       F      G
               +--------+--------+--------+--------+--------+-----+--------+
         Total |    591 |    591 |      0 |    352 |    159 |   1 |  591.0 |
       Dungeon |    591 |    591 |      0 |    352 |    159 |   1 |  591.0 |
               +--------+--------+--------+--------+--------+-----+--------+

Top non-repeatable levels by time:
     D:1: 591 daAuts

Table legend:
 A = Kills in this place as a percentage of kills in entire the game.
 B = Kills by you in this place as a percentage of kills by you in the entire game.
 C = Kills by friends in this place as a percentage of kills by friends in the entire game.
 D = Other kills in this place as a percentage of other kills in the entire game.
 E = Experience gained in this place as a percentage of experience gained in the entire game.
 F = Experience gained in this place divided by the number of levels of this place that you have seen.
                   A       B       C       D       E      F
               +-------+-------+-------+-------+-------+----------------------
         Total | 100.0 | 100.0 |   N/A |   N/A | 100.0 |  19.0
       Dungeon | 100.0 | 100.0 |   N/A |   N/A | 100.0 |  19.0
               +-------+-------+-------+-------+-------+----------------------
